 Dungeon Crawl Stone Soup version 0.30.1-3-gfc49f6343a (webtiles) character file.

Game seed: 791923189643824551

5930 Atelerd the Thaumaturge (level 10, -3/60 HPs)
             Began as an Octopode Earth Elementalist on July 31, 2023.
             Was a Believer of Sif Muna.
             Slain by a yak (10 damage)
             ... on level 10 of the Dungeon.
             The game lasted 00:12:15 (7753 turns).

Atelerd the Thaumaturge (OpEE)                      Turns: 7753, Time: 00:12:16

Health: -3/60      AC:  1    Str: 13    XL:     10   Next: 83%
Magic:  26/32      EV: 14    Int: 31    God:    Sif Muna [**....]
Gold:   231        SH:  0    Dex: 16    Spells: 17/28 levels left

rFire   . . .        V - +2 dagger (venom)
rCold   + . .        (no shield)
rNeg    . . .        (helmet restricted)
rPois   .            h - amulet of magic regeneration
rElec   .            m - +6 ring of intelligence
rCorr   .            s - ring of magical power
SInv    +            y - +6 ring of strength
Will    .....        A - ring of protection from cold
Stlth   ++++         C - +6 ring of intelligence
HPRegen 0.30/turn    K - ring of wizardry
MPRegen 0.63/turn    R - ring of see invisible
                     (no ring)

%: wizardry (x1)
@: very slightly contaminated, slowed, very slow
A: almost no armour, amphibious, 8 rings, camouflage 1, gelatinous body 1,
(nimble swimmer 1), tentacles
a: Renounce Religion, Channel Magic


You were on level 10 of the Dungeon.
You worshipped Sif Muna.
Sif Muna was pleased with you.
You visited 2 branches of the dungeon, and saw 11 of its levels.

You collected 447 gold pieces.
You spent 216 gold pieces at shops.

Inventory:

Hand Weapons
 Q - a +3 long sword of flaming
 V - a +2 dagger of venom (weapon)
Missiles
 t - a throwing net
Armour
 u - a +2 buckler
Magical Staves
 p - a staff of conjuration
Jewellery
 h - an amulet of magic regeneration (around mantle)
 m - a +6 ring of intelligence (left tentacle)
 s - a ring of magical power (right tentacle)
 y - a +6 ring of strength (on tentacle)
 A - a ring of protection from cold (on tentacle)
 C - a +6 ring of intelligence (on tentacle)
 H - a ring of protection from cold
 K - a ring of wizardry (on tentacle)
 M - a ring of flight
 R - a ring of see invisible (on tentacle)
Wands
 I - a wand of polymorph (31)
 T - a wand of paralysis (2)
Scrolls
 c - 7 scrolls of enchant armour {unknown}
 d - 13 scrolls of identify {unknown}
 e - 5 scrolls of amnesia {unknown}
 f - 3 scrolls of fog {unknown}
 i - 2 scrolls of noise {unknown}
 j - a scroll of poison {unknown}
 k - 2 scrolls of fear {unknown}
 l - a scroll of enchant weapon {unknown}
 n - 3 scrolls of teleportation {unknown}
 o - 4 scrolls of magic mapping {unknown}
 D - 2 scrolls of torment {unknown}
 G - 2 scrolls of immolation {unknown}
 J - 2 scrolls of blinking {unknown}
 L - a scroll of silence {unknown}
 O - a scroll of brand weapon {unknown}
 P - 3 scrolls of vulnerability {unknown}
Potions
 a - 2 potions of magic
 b - a potion of mutation {unknown}
 g - 6 potions of brilliance {unknown}
 q - 4 potions of attraction {unknown}
 r - 3 potions of heal wounds {unknown}
 v - 2 potions of curing
 w - a potion of cancellation {unknown}
 x - 2 potions of haste {unknown}
 z - a potion of flight {unknown}
 B - 2 potions of degeneration {unknown}
 E - 4 potions of might {unknown}
 F - a potion of berserk rage {unknown}
 N - a potion of resistance {unknown}
Miscellaneous
 S - a phantom mirror


   Skills:
 + Level 2.3 Fighting
 - Level 3.0 Short Blades
 - Level 4.0 Dodging
 - Level 6.0 Stealth
 + Level 2.1 Shields
 + Level 9.9 Spellcasting
 - Level 2.0 Conjurations
 - Level 4.0 Transmutations
 - Level 1.0 Fire Magic
 - Level 2.0 Air Magic
 - Level 8.0 Earth Magic
 - Level 1.0 Poison Magic
 + Level 3.3 Invocations


You had 17 spell levels left.
You knew the following spells:

 Your Spells              Type           Power      Damage    Failure   Level
a - Sandblast             Erth           100%       2d20      1%          1
b - Mephitic Cloud        Conj/Pois/Air  25%        N/A       1%          3
f - Ignite Poison         Fire/Tmut/Pois 27%        N/A       1%          3
p - Petrify               Tmut/Erth      51%        N/A       1%          4

Your spell library contained the following spells:

 Spells                   Type           Power      Damage    Failure   Level
 Magic Dart               Conj           100%       1d8       1%          1
 Call Imp                 Summ           30%        N/A       1%          2
 Passwall                 Tmut/Erth      42%        N/A       1%          2
 Searing Ray              Conj           54%        2d6       1%          2
 Sublimation of Blood     Necr           15%        N/A       1%          2
 Wereblood                Tmut           40%        N/A       1%          2
 Stone Arrow              Conj/Erth      92%        3d12      1%          3
 Sticky Flame             Conj/Fire      24%        2d5       8%          4
 Fulminant Prism          Conj/Hex       10%        3d8       9%          4
 Summon Hydra             Summ           7%         N/A       100%        7
 Ignition                 Fire           10%        3d5       100%        8
 Lehudib's Crystal Spear  Conj/Erth      23%        10d6      100%        8
 Animate Armour           Summ/Erth      Unusable   N/A       N/A         4

Dungeon Overview and Level Annotations

Branches:
Dungeon (10/15)            Temple (1/1) D:6            Lair (0/5) D:9
    Orc: D:9-12

Altars:
Ashenzari
Cheibriados
Dithmenos
Elyvilon
Fedhas
Gozag
Hepliaklqana
Kikubaaqudgha
Makhleb
Nemelex Xobeh
Okawaru
Qazlal
Ru
Sif Muna
Trog
Uskayaw
Vehumet
Wu Jian
Xom
Yredelemnul
Zin
The Shining One

Shops:
D:6 :   D:7 [   D:9 [

Annotations:
D:4 1 runed translucent door, Crazy Yiuf
D:5 2 transporters, CaptainMV's ghost, novice DsWn


Innate Abilities, Weirdness & Mutations

You cannot wear most types of armour.
You are amphibious.
You can wear up to eight rings at the same time.
Your skin changes colour to match your surroundings (Stealth+).
Your rubbery body absorbs attacks. (AC +1, EV +1)
((You are camouflaged when in or above water. (Stealth+)))
You have tentacles for arms and can constrict up to eight enemies at once.


Message History

You kill the yak!
Sif Muna accepts your kill.
The kobold closely misses something.
The kobold brigand throws a curare-tipped dart.
The curare-tipped dart hits you.
You are poisoned.
You have difficulty breathing.
You feel yourself slow down.
The blast of sand hits the yak!
The yak is lightly wounded.
You feel extremely sick.
The kobold brigand throws a curare-tipped dart.
The curare-tipped dart hits you.
You are more poisoned.
You have difficulty breathing.
You feel as though you will be slow longer.
The kobold brigand throws a curare-tipped dart.
The curare-tipped dart misses you.
The yak is engulfed in blazing flames.
The blast of sand hits the yak!
The yak is heavily wounded.
You feel extremely sick.
The kobold closely misses the kobold brigand.
The yak gores you!
* * * LOW HITPOINT WARNING * * *
The kobold hits the kobold with a +0 short sword.
You feel better. The yak misses you.
The kobold hits the kobold with a +0 short sword.
The kobold is killed!
Sif Muna accepts your kill.
Casting: Sandblast (safe; 1% risk of failure)
Confirm with . or Enter, or press ? or * to list all spells.
Aiming: Mephitic Cloud (safe; 1% risk of failure)
Press: ? - help, Shift-Dir - straight line, f/p - yak
Aim: a yak (heavily wounded, chance to affect: 67%) That beam is likely to hit you.
Continue anyway?
You miscast Mephitic Cloud.
You are very lightly contaminated with residual magic.
Nothing appears to happen.
The yak gores you!
* * * LOW HITPOINT WARNING * * *
The kobold closely misses the kobold.
The yak gores you!
You die...

.....#.....#...............
.....##....#...............
####..#....#...............
#..#....#.....###+#.....
#..######.....# .....
+.............# .....
#..#####'####.# .###
#..#........#.#
#[.#........#@#
###..+........#Y#
+#....+........#K#####..
......+........#KK.K....
......#........#K.......
......#........#K[......
......######...#........
##.........#####.....KK.
#.......... ......K..


You could see a yak, a kobold brigand and 4 kobolds.

Vanquished Creatures
  Maurice (D:9)
  Maggie (D:6)
  A hornet (D:9)
  2 shadows
  9 yaks
  Eustachio (D:4)
  Menkaure (D:7)
  2 steam dragons
  Duvessa (D:6)
  A water moccasin (D:5)
  An orc warrior (D:9)
  2 black bears
  A sky beast (D:7)
  2 centaurs
  An ogre (D:5)
  3 phantoms
  2 kobold brigands
  3 bullfrogs (D:8)
  2 scorpions
  10 wights
  Dowan (D:6)
  6 killer bees (D:9)
  3 howler monkeys
  4 jellies
  A gnoll bouda (D:7)
  A sleepcap (D:6)
  3 iguanas (D:5)
  5 orc wizards
  4 gnolls (D:7)
  8 adders
  A shadow imp (D:5)
  A white imp (D:6)
  An ufetubus (D:4)
  A worm (D:3)
  22 orcs
  3 bats (D:1)
  6 endoplasms
  2 giant cockroaches
  4 goblins
  5 hobgoblins
  19 jackals
  15 kobolds
  4 quokkas
  8 ball pythons
  3 frilled lizards
  5 rats
183 creatures vanquished.

Notes
Turn   | Place    | Note
-------+----------+-------------------------------------------
     0 | D:1      | Atelerd the Octopode Earth Elementalist began the quest for
                  | the Orb.
     0 | D:1      | Reached XP level 1. HP: 11/11 MP: 3/3
   124 | D:1      | Reached XP level 2. HP: 17/17 MP: 3/5
   614 | D:1      | Reached XP level 3. HP: 17/21 MP: 3/6
  1583 | D:2      | Reached XP level 4. HP: 27/27 MP: 6/8
  1966 | D:3      | Reached skill level 3 in Spellcasting
  2151 | D:3      | Reached XP level 5. HP: 31/31 MP: 6/9
  2546 | D:3      | Learned a level 4 spell: Petrify
  2779 | D:4      | Found a runed translucent door.
  2780 | D:4      | Noticed Crazy Yiuf
  2833 | D:4      | Found a sparkling altar of Nemelex Xobeh.
  2924 | D:4      | Noticed Eustachio
  2949 | D:4      | Killed Eustachio
  2950 | D:4      | Reached XP level 6. HP: 36/36 MP: 11/11
  3607 | D:5      | Entered Level 5 of the Dungeon
  3724 | D:5      | Noticed a hornet
  3767 | D:5      | Reached skill level 4 in Spellcasting
  3767 | D:5      | Reached skill level 5 in Earth Magic
  3800 | D:5      | Reached XP level 7. HP: 41/41 MP: 13/13
  3948 | D:5      | Found a transporter.
  3948 | D:5      | Found a transporter.
  3948 | D:5      | Noticed CaptainMV's ghost (novice DsWn)
  4089 | D:5      | Reached XP level 8. HP: 42/46 MP: 14/14
  4201 | D:5      | Found a glowing silver altar of Zin.
  4289 | D:6      | Found a blossoming altar of Fedhas.
  4323 | D:6      | Found a staircase to the Ecumenical Temple.
  4328 | D:6      | Reached skill level 5 in Stealth
  4333 | Temple   | Entered the Ecumenical Temple
  4350 | Temple   | Became a worshipper of Sif Muna the Loreminder
  4406 | D:6      | Noticed Maggie
  4418 | D:6      | Killed Maggie
  4419 | D:6      | Reached skill level 5 in Spellcasting
  4486 | D:6      | Found Akic's Book Emporium.
  4491 | D:6      | Bought a book of Minor Magic for 216 gold pieces
  4495 | D:6      | Learned a level 3 spell: Mephitic Cloud
  4504 | D:6      | Noticed Dowan
  4507 | D:6      | Noticed Duvessa
  4518 | D:6      | Killed Duvessa
  4521 | D:6      | Killed Dowan
  4522 | D:6      | Reached skill level 1 in Air Magic
  4522 | D:6      | Reached skill level 1 in Poison Magic
  4610 | D:6      | Noticed a boulder beetle
  4683 | D:7      | Reached skill level 1 in Conjurations
  4748 | D:7      | Reached skill level 1 in Invocations
  4785 | D:7      | Noticed Menkaure
  4794 | D:7      | Killed Menkaure
  4795 | D:7      | Reached XP level 9. HP: 29/51 MP: 16/17
  5250 | D:7      | Reached skill level 6 in Spellcasting
  5271 | D:7      | Found a bloodstained altar of Trog.
  5278 | D:7      | Found a snail-covered altar of Cheibriados.
  5283 | D:7      | Found a radiant altar of Vehumet.
  5333 | D:7      | Found Noeto's Antique Armour Emporium.
  5446 | D:7      | Found a hide-covered altar of Uskayaw.
  5873 | D:8      | Learned a level 3 spell: Ignite Poison
  5886 | D:8      | Reached skill level 1 in Short Blades
  6075 | D:8      | Reached * piety under Sif Muna
  6126 | D:8      | Identified the +5 sling "Gerchaet" {speed, *Corrode rN+
                  | Str+3}
  6232 | D:9      | Noticed a hornet
  6247 | D:9      | Killed a hornet
  6248 | D:9      | Reached skill level 7 in Spellcasting
  6649 | D:9      | Reached skill level 8 in Spellcasting
  6649 | D:9      | Reached XP level 10. HP: 55/56 MP: 22/22
  6713 | D:9      | Noticed Maurice
  6723 | D:10     | Entered Level 10 of the Dungeon
  6850 | D:9      | Reached skill level 9 in Spellcasting
  6890 | D:9      | Paralysed by Maurice for 5 turns
  6905 | D:9      | Killed Maurice
  7029 | D:9      | Found Halots's Armour Boutique.
  7058 | D:9      | Reached skill level 1 in Fighting
  7058 | D:9      | Reached skill level 1 in Shields
  7058 | D:9      | Reached skill level 1 in Fire Magic
  7210 | D:9      | Found a staircase to the Lair.
  7752 | D:10     | Reached ** piety under Sif Muna
  7753 | D:10     | Slain by a yak

Illustrated notes

Levels and vault maps discovered:
D:1:      psy_arrival_spokes, layout_basic
D:2:      layout_basic
D:3:      layout_basic
D:4:      layout_basic, lemuel_coloured_pillars_altar, uniq_crazy_yiuf_cottage,
          uniq_eustachio
D:5:      layout_rooms, zin_scriptorium, gammafunk_ghost_hive
D:6:      layout_rooms, fedhas_ov_isle_minmay, minmay_temple_entry_mist,
          serial_shops, nicolae_book_shop_shelving, roderic_roman_lattice,
          uniq_maggie, uniq_sigmund, uniq_duvessa
D:7:      layout_basic, nicolae_uskayaw_dance_studio,
          minmay_overflow_temple_star_quad, serial_shops, shop, uniq_menkaure
D:8:      layout_cave_pools
D:9:      layout_basic, lair_entry_dummy, serial_shops, nicolae_stop_n_shop_2,
          uniq_maurice
D:10:     layout_irregular_city, gammafunk_ghost_hydra_chop
Temple:   hellmonk_temple_two_chambers

Skill      XL: |  1  2  3  4  5  6  7  8  9 10 |
---------------+-------------------------------+-----
Transmutations | 2 3 4 |  4.0
Spellcasting   | 3 4 5 8 9 |  9.9
Earth Magic    | 4 5 6 7 8 |  8.0
Stealth        | 3 4 5 6 |  6.0
Air Magic      | 1 2 |  2.0
Poison Magic   | 1 |  1.0
Conjurations   | 1 2 |  2.0
Invocations    | 1 2 3 |  3.3
Dodging        | 4 |  4.0
Short Blades   | 2 3 |  3.0
Fighting       | 2 |  2.3
Shields        | 2 |  2.1
Fire Magic     | 1 |  1.0

Action                     |  1- 3 |  4- 6 |  7- 9 | 10-12 || total
---------------------------+-------+-------+-------+-------++-------
  Melee: Dagger            |    16 |    14 |    26 |     8 ||    64
         Constrict         |     7 |     5 |     7 |     3 ||    22
         Tentacles         |     6 |     5 |    24 |     4 ||    39
         Short sword       |       |       |    28 |     6 ||    34
         Punch             |       |       |     2 |     1 ||     3
   Cast: Sandblast         |    33 |    87 |   106 |    55 ||   281
         Petrify           |       |     3 |    32 |     6 ||    41
         Mephitic Cloud    |       |       |     5 |     6 ||    11
         Ignite Poison     |       |       |       |     6 ||     6
    Use: Potion            |       |       |       |     1 ||     1
   Stab: Sleeping          |     1 |     1 |     1 |       ||     3
         Petrified         |       |     4 |    40 |    11 ||    55
         Petrifying        |       |       |     1 |       ||     1
 Armour: Skin              |     1 |     4 |     1 |     3 ||     9
  Dodge: Dodged            |    16 |    31 |    19 |    13 ||    79
